 Dungeon Crawl Stone Soup version 0.21.1-1-g345015f (webtiles) character file.

193 nicolaieve the Chopper (level 5, -11/69 HPs)
             Began as a Minotaur Berserker on July 16, 2018.
             Was a Believer of Trog.
             Mangled by wojtek's ghost (23 damage)
             ... on level 4 of the Dungeon.
             The game lasted 00:09:18 (2574 turns).

nicolaieve the Chopper (Minotaur Berserker)         Turns: 2574, Time: 00:09:19

Health: -11/69     AC:  4    Str: 27    XL:     5   Next: 44%
Magic:  4/4        EV: 12    Int:  4    God:    Trog [**....]
Gold:   151        SH:  0    Dex: 10    Spells: 4/4 levels left

rFire    . . .     SeeInvis .   a - +0 hand axe
rCold    . . .     Gourm    .   (no shield)
rNeg     . . .     Faith    .   g - +0 leather armour
rPois    .         Spirit   .   (helmet restricted)
rElec    .         Reflect  .   r - +0 cloak
rCorr    .         Harm     .   (no gloves)
MR       ++...                  (no boots)
Stlth    ..........             (no amulet)
HPRegen  1.21/turn              (no ring)
MPRegen  0.09/turn              (no ring)

@: berserking, regenerating, very quick
A: retaliatory headbutt, horns 2
a: Berserk, Trog's Hand, Burn Spellbooks, Renounce Religion


You were on level 4 of the Dungeon.
You worshipped Trog.
Trog was pleased with you.
You were hungry.

You visited 1 branch of the dungeon, and saw 4 of its levels.

You collected 151 gold pieces.

Inventory:

Hand Weapons
 a - a +0 hand axe (weapon)
Armour
 g - a +0 leather armour (worn)
 r - a +0 cloak (worn)
Jewellery
 m - an uncursed amulet of faith {unknown}
Scrolls
 b - a scroll of teleportation {unknown}
 e - 2 scrolls of identify {unknown}
 f - a scroll of magic mapping {unknown}
 h - a scroll of enchant armour {unknown}
 i - a scroll of immolation {unknown}
 l - a scroll of fear {unknown}
 q - a scroll of enchant weapon {unknown}
Potions
 d - a potion of degeneration {unknown}
 j - 3 potions of might {unknown}
 k - a potion of curing {unknown}
 n - a potion of lignification {unknown}
 p - a potion of brilliance {unknown}
 s - a potion of berserk rage {unknown}
Comestibles
 c - 6 rations
 o - 11 chunks of flesh


   Skills:
 - Level 4.0 Fighting
 + Level 7.3 Axes
 - Level 2.4 Armour
 - Level 2.2 Dodging


You had 4 spell levels left.
You didn't know any spells.

Dungeon Overview and Level Annotations

Branches:
Dungeon (4/15)
 Temple: D:4-7

Altars:
Xom

Annotations:
D:4 wojtek's ghost, amateur MiFi


Innate Abilities, Weirdness & Mutations

You reflexively headbutt those who attack you in melee.
You have a pair of horns on your head.


Message History

A red film seems to cover your vision as you go berserk!
You feel yourself moving faster!
You feel mighty!
You are feeling hungry.
You feel a strong urge to attack something.
You completely miss wojtek's ghost. You headbutt wojtek's ghost!!
Wojtek's ghost is moderately damaged.
You barely miss wojtek's ghost. Your headbutt misses wojtek's ghost.
Wojtek's ghost is moderately damaged.
Wojtek's ghost hits you!
* * * LOW HITPOINT WARNING * * *
You hit wojtek's ghost.
Wojtek's ghost is heavily damaged.
You slash wojtek's ghost!
Wojtek's ghost is heavily damaged.
Wojtek's ghost hits you!
* * * LOW HITPOINT WARNING * * *
You slash wojtek's ghost!
Wojtek's ghost is severely damaged.
Wojtek's ghost hits you!!
You die...

#.#. #.. .. #.#. #.##..
#...##.##.###### #
#.......#.#....#
.......#..#.#.##.# #
#...#.#รท.#.#.##.# #.#
#..))..#.#.##.# ..
##.........##.#.##.##
.#............@W......
#...#.##.#.#.........##
...#...##.#............#
#.###...#.#............#
...#....#.#.....##.###.#
#...#..#.......<..# #
..............###...
#..#.................
#.........#.#.##...


You could see wojtek's ghost.

Vanquished Creatures
  9 adders
  3 gnolls (D:4)
  5 worms
  2 dart slugs
  5 leopard geckos
  An orc (D:4)
  3 ball pythons
  2 giant cockroaches (D:4)
  10 goblins
  5 hobgoblins
  4 jackals (D:4)
  2 bats
  6 frilled lizards
  5 kobolds
  2 rats
64 creatures vanquished.

Notes
Turn   | Place    | Note
-------+----------+-------------------------------------------
     0 | D:1      | nicolaieve the Minotaur Berserker began the quest for the Orb.
     0 | D:1      | Reached XP level 1. HP: 19/19 MP: 0/0
   439 | D:1      | Reached skill level 4 in Axes
   439 | D:1      | Reached XP level 2. HP: 26/27 MP: 1/1
  1122 | D:2      | Reached XP level 3. HP: 24/33 MP: 2/2
  1288 | D:2      | Reached skill level 5 in Axes
  1641 | D:3      | Reached ** piety under Trog
  1662 | D:3      | Reached XP level 4. HP: 39/40 MP: 3/3
  1791 | D:3      | Reached skill level 6 in Axes
  2377 | D:4      | Reached XP level 5. HP: 34/46 MP: 4/4
  2467 | D:4      | Found a shimmering altar of Xom.
  2523 | D:4      | Reached skill level 7 in Axes
  2566 | D:4      | Noticed wojtek's ghost (amateur MiFi)
  2574 | D:4      | Mangled by wojtek's ghost

Skill      XL: |  1  2  3  4  5 |
---------------+----------------+-----
Fighting       | 4 |  4.0
Axes           | 4 5 6 7 |  7.3
Armour         | |  2.4
Dodging        | |  2.2

Action                   |  1- 3 |  4- 6 || total
-------------------------+-------+-------++-------
Melee: Hand axe          |    79 |   103 ||   182
       Headbutt          |    14 |    15 ||    29
Invok: Trog's Hand       |       |     2 ||     2
       Berserk           |       |     1 ||     1
  Eat: Chunk             |     2 |     4 ||     6
Armor: Animal skin       |     1 |       ||     1
       Leather armour    |     8 |    21 ||    29
Dodge: Dodged            |    46 |    66 ||   112
